cohdb
Replays
Latest Replays
All Replays
Popular Replays
Top Player Replays
Match Explorer
How It Works
Community
CoH3 Stats
Reddit
Sign in to upload your games and track your stats! →
Sign in with Steam
Match 41993836
Unlisted
Match 41993836
Overview
Messages
Build Orders
End
Panzergrenadier Squad
250 Light Carrier
Panzergrenadier Squad
Construct Light Support Kompanie
MG34 Team
Panzerjäger Squad
Selects Panzerjäger Kommand Battlegroup
Selects GrB 39 Grenade Launcher Requisition
Fire Support Elements
le.IG 18 Mechanized Group
Selects Blockade Equipment
Selects Defensive Positions
Panzergrenadier Squad
Construct Panzerarmee Kommand
Veteran Squad Leaders
Panzer III L Medium Tank
Combat Half-tracks
Panzer III L Medium Tank
2.5-tonne Medical Truck
Vehicle Survival Package
Assault Grenadier Squad
Selects Crew Shock Tactics
Armored Reserves
Assault Grenadier Squad
Emergency Repair Kits
Clowny
<Scippio>
Sugarfluff
Olleeri
qZeto
BIOHAZARD
john_wik
Gorgolo
0
0
Comments
sign in to comment!
No comments posted yet!